 Dungeon Crawl Stone Soup version 0.29-a0-563-g64e4043184 (webtiles) character file.

Game seed: 2903921332792127177

32 Ashen the Ogre Mage (level 3, 0/33 HPs)
             Began as an Ogre Hedge Wizard on June 11, 2022.
             Slain by a gnoll
             ... wielding a +0 club
              (4 damage)
             ... on level 2 of the Dungeon.
             The game lasted 00:02:26 (1421 turns).

Ashen the Ogre Mage (Ogre Hedge Wizard)             Turns: 1421, Time: 00:02:26

Health: 0/33       AC:  3    Str: 14    XL:     3   Next: 27%
Magic:  8/8        EV:  9    Int: 17    God:
Gold:   86         SH:  0    Dex:  8    Spells: 4/9 levels left

rFire   . . .      SeeInvis .   k - +0 whip
rCold   . . .      Faith    .   (no shield)
rNeg    . . .      Spirit   .   b - +0 robe
rPois   .          Reflect  .   c - +0 hat
rElec   .          Harm     .   (no cloak)
rCorr   .          Rampage  .   (gloves unavailable)
Will    .....                   (boots unavailable)
Stlth   ++........              (no amulet)
HPRegen 0.11/turn               (no ring)
MPRegen 0.11/turn               (no ring)

@: no status effects
A: large, unfitting armour, tough skin 1
a: no special abilities


You were on level 2 of the Dungeon.
You visited 1 branch of the dungeon, and saw 2 of its levels.

You collected 86 gold pieces.

Inventory:

Hand Weapons
 k - a +0 whip (weapon)
Armour
 b - a +0 robe (worn)
 c - a +0 hat (worn)
Potions
 a - a potion of degeneration
 d - a potion of magic
 e - a potion of curing
 g - a potion of heal wounds {unknown}
 i - a potion of ambrosia {unknown}


   Skills:
 + Level 1.4 Fighting
 + Level 2.1 Dodging
 + Level 1.8 Stealth
 + Level 3.9 Spellcasting
 + Level 1.3 Conjurations
 - Level 0.8 Summonings
 - Level 0.8 Translocations


You had 4 spell levels left.
You knew the following spells:

 Your Spells              Type           Power      Damage    Failure   Level
a - Magic Dart            Conj           28%        1d4       9%          1
b - Blink                 Tloc           12%        N/A       17%         2
c - Call Imp              Summ           6%         N/A       17%         2

Your spell library contained the following spells:

 Spells                   Type           Power      Damage    Failure   Level
 Slow                     Hex            12%        N/A       16%         1
 Conjure Flame            Conj/Fire      5%         6-21      36%         3
 Mephitic Cloud           Conj/Pois/Air  4%         N/A       36%         3


Dungeon Overview and Level Annotations

Branches:
Dungeon (2/15)

Altars:


Innate Abilities, Weirdness & Mutations

You are too large for most types of armour.
You have tough skin. (AC +1)


Message History

The magic dart hits the hobgoblin.
You kill the hobgoblin!
Casting: Magic Dart (safe; 9% risk of failure)
Confirm with . or Enter, or press ? or * to list all spells.
You can't see any susceptible monsters within range! (Use Z to cast anyway.)
a - a metallic golden potion
As you read the scroll labelled GOGHA LEXTEUTH, it crumbles to dust.
You feel strangely unstable.
It was a scroll of teleportation.
As you read the scroll labelled ZOM MOORINOUTZ, it crumbles to dust.
You hear a loud clanging noise!
It was a scroll of noise.
As you read the scroll labelled ICRYMO COALE, it crumbles to dust.
It is a scroll of identify.
a - a potion of degeneration
As you read the scroll of identify, it crumbles to dust.
e - a potion of curing Your surroundings suddenly seem different. 4 gnolls come into view.
A gnoll is wielding a +1 flail of protection.
The gnoll shouts! x2
You aren't carrying any scrolls.
The gnoll barely misses you.
The gnoll shouts!
The gnoll hits you from afar with a +0 spear.
The gnoll barely misses you. The gnoll attacks as you move away!
The gnoll hits you but does no damage. The gnoll attacks as you move away!
The gnoll hits you with a +1 flail of protection!
The gnoll attacks as you move away!
The gnoll hits you with a +1 flail of protection!
A rat comes into view.
The gnoll hits you but does no damage. The gnoll attacks as you move away!
The gnoll hits you with a +1 flail of protection.
* * * LOW HITPOINT WARNING * * *
The gnoll attacks as you move away!
The gnoll hits you with a +1 flail of protection.
* * * LOW HITPOINT WARNING * * *
The gnoll attacks as you move away! The gnoll hits you with a +0 club.
You die...

#............... .#
#...............
..#######.#########
#.#.........#
#.#.#####.#.#####
#####.#.# #.#.....#
###.......#
#.#####.#
..........# #.# #.#
#....r@.#####.# #.#
#....g#.......# #.#
#...g.#....... #.#
#....g........ #.#
###........... #.#
#........... #.#
#........... #.###
#........... #....
#..........
...#####


You could see 3 gnolls and a rat.

Vanquished Creatures
  4 dart slugs
  2 ball pythons
  A bat (D:1)
  An endoplasm (D:1)
  A giant cockroach (D:1)
  3 hobgoblins
  4 quokkas
  3 goblins
  2 rats
21 creatures vanquished.

Notes
Turn   | Place    | Note
-------+----------+-------------------------------------------
     0 | D:1      | Ashen the Ogre Hedge Wizard began the quest for the Orb.
     0 | D:1      | Reached XP level 1. HP: 16/16 MP: 5/5
    44 | D:1      | Reached skill level 1 in Conjurations
   228 | D:1      | Reached XP level 2. HP: 22/26 MP: 3/6
   239 | D:1      | Learned a level 2 spell: Blink
   242 | D:1      | Learned a level 2 spell: Call Imp
   450 | D:1      | Reached skill level 1 in Fighting
   922 | D:1      | Found a faded altar of an unknown god.
  1035 | D:1      | Reached XP level 3. HP: 27/33 MP: 8/8
  1421 | D:2      | Slain by a gnoll

Illustrated notes

Levels and vault maps discovered:
D:1:      dpeg_arrival_refuge, layout_basic, dilly_ecumenical_altar_fadedgnrine,
          skrybe_limestone_x
D:2:      layout_basic, minmay_puff, uniq_robin

Skill      XL: |  1  2 |
---------------+-------+-----
Conjurations   | 1 |  1.3
Fighting       | 1 |  1.4
Dodging        | 2 |  2.1
Stealth        | |  1.8
Spellcasting   | |  3.9
Summonings     | |  0.8
Translocations | |  0.8

Action                   || total
-------------------------++-------
Melee: Dagger            ||    34
       Whip              ||    13
 Cast: Magic Dart        ||    44
  Use: Scroll            ||     4
Armor: Robe              ||    20
Dodge: Dodged            ||    26

Table legend: (Time is in decaauts)
 A = Elapsed time spent in this place.
 B = Non-inter-level travel time spent in this place.
 C = Inter-level travel time spent in this place.
 D = Time resting spent in this place.
 E = Time spent auto-exploring this place.
 F = Levels seen in this place.
 G = Mean time per level.
                   A        B        C        D        E       F      G
               +--------+--------+--------+--------+--------+-----+--------+
         Total |   1421 |   1416 |      5 |    111 |   1109 |   2 |  710.5 |
       Dungeon |   1421 |   1416 |      5 |    111 |   1109 |   2 |  710.5 |
               +--------+--------+--------+--------+--------+-----+--------+

Top non-repeatable levels by time:
     D:1: 1134 daAuts
     D:2: 287 daAuts
